 Dungeon Crawl Stone Soup version 0.28.0-45-g0d030f2227 (webtiles) character file.

Game seed: 10202594907003095143

65 sking99 the Insei (level 3, 0/27 HPs)
             Began as a Demonspawn Transmuter on May 20, 2022.
             Succumbed to a goblin's poison
             ... on level 2 of the Dungeon.
             The game lasted 00:01:56 (1215 turns).

sking99 the Insei (Demonspawn Transmuter)           Turns: 1215, Time: 00:01:56

Health: 0/27       AC:  3    Str: 10    XL:     3   Next: 92%
Magic:  6/6        EV: 12    Int: 14    God:
Gold:   63         SH:  5    Dex: 15    Spells: 5/6 levels left

rFire   + . .      SeeInvis .     - Unarmed
rCold   + . .      Faith    .   (no shield)
rNeg    . . .      Spirit   .   a - +0 robe
rPois   .          Reflect  +   (no helmet)
rElec   .          Harm     .   d - scarf {rC+ rF+}
rCorr   .          Rampage  .   (no gloves)
Will    .....                   c - +0 pair of boots
Stlth   +.........              g - amulet of reflection
HPRegen 0.09/turn               (no ring)
MPRegen 0.10/turn               (no ring)

@: lethally poisoned (0 -> -2)
A: demonic magic 1, weakness stinger 1
a: no special abilities


You were on level 2 of the Dungeon.
You visited 1 branch of the dungeon, and saw 2 of its levels.

You collected 63 gold pieces.

Inventory:

Armour
 a - a +0 robe (worn)
 c - a +0 pair of boots (worn)
 d - a scarf of resistance (worn)
Jewellery
 g - an amulet of reflection (around neck)
Scrolls
 b - a scroll of brand weapon {unknown}
 e - 3 scrolls of identify {unknown}
 h - a scroll of teleportation {unknown}
 k - 3 scrolls of vulnerability {unknown}
 l - a scroll of magic mapping {unknown}
Potions
 f - a potion of attraction {unknown}
 j - a potion of brilliance {unknown}


   Skills:
 + Level 2.0 Fighting
 + Level 2.4 Dodging
 * Level 3.6 Unarmed Combat
 - Level 2.0 Spellcasting
 - Level 1.7 Transmutations


You had 5 spell levels left.
You knew the following spells:

 Your Spells              Type           Power      Damage    Failure   Level
a - Beastly Appendage     Tmut           12%        N/A       12%         1

Your spell library contained the following spells:

 Spells                   Type           Power      Damage    Failure   Level
 Wereblood                Tmut           6%         N/A       17%         2
 Spider Form              Tmut/Pois      3%         N/A       45%         3
 Ozocubu's Armour         Ice            1%         N/A       56%         3
 Ice Form                 Ice/Tmut       3%         N/A       86%         4
 Metabolic Englaciation   Hex/Ice        0%         N/A       100%        5
 Simulacrum               Ice/Necr       0%         N/A       100%        6


Dungeon Overview and Level Annotations

Branches:
Dungeon (2/15)

Altars:


Innate Abilities, Weirdness & Mutations

Spells you cast may paralyse adjacent enemies.
You have a small tail.


Message History

Robin is almost dead.
Robin throws the goblin at you! The goblin completely misses you.
You closely miss Robin.
Robin is almost dead.
Your horns disappear.
Your talons disappear.
Your +0 pair of boots unmelds from your body.
The goblin hits you with a +0 club.
You hit Robin.
You kill Robin!
A goblin comes into view. It is wielding a +1 dagger of venom.
You block the goblin's attack.
Your Fighting skill increases to level 2!
You hit the goblin.
Your tail-slap misses the goblin.
The goblin is moderately wounded.
The goblin hits you with a +1 dagger of venom.
You are poisoned.
You hit the goblin.
The goblin is heavily wounded.
You feel sick. The goblin barely misses you. The goblin closely misses you.
You closely miss the goblin. You punch the goblin, but do no damage.
You feel sick. You block the goblin's attack. The goblin closely misses you.
You hit the goblin.
The goblin is severely wounded.
You feel sick. You block the goblin's attack.
You hit the goblin.
You kill the goblin!
You feel sick. The goblin completely misses you.
A goblin comes into view. It is wielding a +0 club.
You hit the goblin.
The goblin is severely wounded.
You feel sick.
The goblin no longer looks unusually strong.
The goblin closely misses you. x2
You closely miss the goblin.
The goblin is severely wounded.
You feel sick. The goblin barely misses you.
The goblin hits you with a +0 club.
* * * LOW HITPOINT WARNING * * *
It was a potion of cancellation.
You feel magically purged.
You die...

##..)g.## ##.......## #
#..gg...g.# #.
#......g..# ##.### ###
....>....# . ..# ##g##
.....g.#
#.#.#########@#.###.....#
#.#.##......g###)##....#
# #....†....#.##
##...#### #.
###.##.##..## ##g##
...###)##.####.# .##
#...<..##.# #(# .#
.....####.. ..#.# ##.#.#
### #.# #.#.# ###


You could see 2 goblins.

Vanquished Creatures
  Robin (D:2)
  3 gnolls
  A bat (D:1)
  2 endoplasms (D:1)
  2 giant cockroaches (D:1)
  6 goblins
  4 hobgoblins
  A quokka (D:1)
  2 ball pythons (D:1)
  A frilled lizard (D:1)
23 creatures vanquished.

Notes
Turn   | Place    | Note
-------+----------+-------------------------------------------
     0 | D:1      | sking99 the Demonspawn Transmuter began the quest for the
                  | Orb.
     0 | D:1      | Reached XP level 1. HP: 15/15 MP: 3/3
   340 | D:1      | Reached skill level 3 in Unarmed Combat
   340 | D:1      | Gained mutation: Spells you cast may paralyse adjacent
                  | enemies. [demonic ancestry]
   340 | D:1      | Reached XP level 2. HP: 20/21 MP: 3/5
   937 | D:2      | Gained mutation: You have a small tail. [demonic ancestry]
   937 | D:2      | Reached XP level 3. HP: 8/27 MP: 3/6
  1188 | D:2      | Noticed Robin
  1207 | D:2      | Killed Robin
  1214 | D:2      | HP: 1/27 [goblin/+0 club[Robin] (5)]
  1215 | D:2      | Succumbed to a goblin's poison

Illustrated notes

Levels and vault maps discovered:
D:1:      minmay_arrival_glassed_features, layout_basic, serial_curves,
          eino_curves_03, eino_curves_03, minmay_quantized
D:2:      layout_loops_cross, uniq_crazy_yiuf_cottage, uniq_robin, uniq_natasha,
          uniq_sigmund

Skill      XL: |  1  2  3 |
---------------+----------+-----
Dodging        | 2 |  2.4
Unarmed Combat | 3 |  3.6
Fighting       | 2 |  2.0
Spellcasting   | |  2.0
Transmutations | |  1.7

Action                   || total
-------------------------++-------
Melee: Unarmed           ||    62
       Kick              ||    10
       Headbutt          ||     7
       Tailslap          ||     2
       Punch             ||     2
 Cast: Beastly Appendage ||    12
  Use: Potion            ||     1
 Stab: Paralysed         ||     4
Armor: Robe              ||     7
Dodge: Dodged            ||    32
Block: Other             ||    10
